 Dungeon Crawl Stone Soup version 0.30-a0-135-g630cfc4551 (webtiles) character file.

Game seed: 483568752880044730

6 LnG the Caller (level 2, 0/12 (15) HPs)
             Began as a Kobold Summoner on Sept 20, 2022.
             Slain by a quokka (2 damage)
             ... on level 1 of the Dungeon.
             The game lasted 00:01:42 (236 turns).

LnG the Caller (Kobold Summoner)                     Turns: 236, Time: 00:01:43

HP:   0/12 (15)     AC:  2    Str:  5    XL:     2   Next: 0%
MP:   1/5           EV: 15    Int: 16    God:
Gold: 10            SH:  0    Dex: 15    Spells: 4/5 levels left

rFire   . . .      SeeInvis .    (weapon restricted)
rCold   . . .      Faith    .    (no shield)
rNeg    . . .      Spirit   .    a - +0 robe
rPois   .          Reflect  .    (no helmet)
rElec   .          Harm     .    (no cloak)
rCorr   .          Rampage  .    (no gloves)
Will    .....                    (no boots)
Stlth   +++.......               (no amulet)
HPRegen 0.04/turn                (no ring)
MPRegen 0.09/turn                (no ring)

@: heavily drained
A: small, no large weapons, nightstalker 3
a: no special abilities


You were on level 1 of the Dungeon.
You visited 1 branch of the dungeon, and saw 1 of its levels.

You collected 10 gold pieces.

Inventory:

Armour
 a - a +0 robe (worn)
Potions
 b - a potion of magic


   Skills:
 + Level 2.6 Dodging
 + Level 2.7 Stealth
 + Level 2.2 Spellcasting
 + Level 4.2 Summonings


You had 4 spell levels left.
You knew the following spells:

 Your Spells              Type           Power      Damage    Failure   Level
a - Summon Small Mammal   Summ           60%        N/A       3%          1

Your spell library contained the following spells:

 Spells                   Type           Power      Damage    Failure   Level
 Call Imp                 Summ           15%        N/A       5%          2
 Call Canine Familiar     Summ           15%        N/A       11%         3
 Summon Guardian Golem    Hex/Summ       8%         N/A       26%         3
 Summon Lightning Spire   Summ/Air       8%         N/A       63%         4


Dungeon Overview and Level Annotations

Branches:
Dungeon (1/15)

Altars:


Innate Abilities, Weirdness & Mutations

You are small and have problems with some larger weapons.
You are completely attuned to the shadows.


Message History

You kill the ball python!
Your bat misses the quokka. The quokka bites you.
The quokka closely misses you. The kobold hits you but does no damage.
The kobold hits you with a +2 short sword of draining.
You feel drained. The quokka attacks as you move away!
The quokka barely misses you. The kobold attacks as you move away!
The kobold closely misses you.
Your bat hits the quokka but does no damage.
Your quokka bites the kobold.
The kobold dies!
The quokka completely misses you. The quokka bites your bat.
Your bat dies!
Your bat's corpse disappears in a puff of smoke!
The quokka bites you. The kobold closely misses your quokka.
The quokka closely misses your quokka.
You have reached level 2!
You are too injured to fight recklessly!
Your quokka bites the quokka.
The quokka completely misses your quokka.
You see here a +0 scale mail.
The quokka attacks as you move away! The quokka closely misses you.
You closely miss the quokka.
The quokka is almost dead.
The quokka misses you.
Your quokka misses the quokka. You barely miss the quokka.
The quokka is almost dead.
Your quokka closely misses the quokka.
The kobold barely misses you.
You closely miss the quokka.
The quokka bites you but does no damage.
Your quokka barely misses the quokka.
The quokka misses you. x2
The kobold hits you with a +2 short sword of draining.
* * * LOW HITPOINT WARNING * * *
You feel drained.
* * * LOW HITPOINT WARNING * * *
The quokka misses you.
Your quokka closely misses the quokka.
You hit the quokka but do no damage.
The quokka is almost dead.
The quokka bites you but does no damage.
Your quokka barely misses the quokka.
The quokka bites you.
You die...

......... #.........
##..........
......)....##
#.....†....#
#.....r....#
##.....rK...# .####
#......r@...# ...#
##...........#
###.####..#........##
....)....###......##
...#..#### #######
##.####
##...#########
.............#####
##..#######).....#


You could see 2 quokkas, a kobold and a friendly quokka (summoned).

Vanquished Creatures
  A ball python (D:1)
1 creature vanquished.

Vanquished Creatures (collateral kills)
  2 bats (D:1)
  3 kobolds (D:1)
  A rat (D:1)
6 creatures vanquished.

Grand Total: 7 creatures vanquished

Notes
Turn   | Place    | Note
-------+----------+-------------------------------------------
     0 | D:1      | LnG the Kobold Summoner began the quest for the Orb.
     0 | D:1      | Reached XP level 1. HP: 10/10 MP: 3/3
   231 | D:1      | Reached XP level 2. HP: 7/14 MP: 0/5
   236 | D:1      | Slain by a quokka

Illustrated notes

Levels and vault maps discovered:
D:1:      dpeg_arrival_chambers_temple_mockup, layout_rooms,
          kennysheep_another_room

Action                   || total
-------------------------++-------
Melee: Unarmed           ||     9
 Cast: Summon Small Mamm ||     9
Armor: Robe              ||     6
Dodge: Dodged            ||    25

Table legend: (Time is in decaauts)
 A = Elapsed time spent in this place.
 B = Non-inter-level travel time spent in this place.
 C = Inter-level travel time spent in this place.
 D = Time resting spent in this place.
 E = Time spent auto-exploring this place.
 F = Levels seen in this place.
 G = Mean time per level.
                   A        B        C        D        E       F      G
               +--------+--------+--------+--------+--------+-----+--------+
         Total |    236 |    236 |      0 |      0 |    130 |   1 |  236.0 |
       Dungeon |    236 |    236 |      0 |      0 |    130 |   1 |  236.0 |
               +--------+--------+--------+--------+--------+-----+--------+

Top non-repeatable levels by time:
     D:1: 236 daAuts
